AoeStats
← 尼古德拉卿

Glade

503177246Analyzed
1v1 RM · 3mo ago on Aug 30, 2026· 63m 13s· 2 players
Game mode
Random Map
Map size
Tiny (2 player)
Population
200
Speed
Normal
Resources
Standard
Victory
Conquest
Starting age
Dark Age
Ending age
Imperial Age
RankedLock teamsTeams togetherTeam positionsShared explorationLock speedFull tech treeHidden civsTurbo modeCheats
Victory
Defeat
🇦🇷 Khmer · Argentina
774
+15
vs
🇨🇳 Cumans · China
744
-15
尼古德拉卿
11:22 Feudal Age
13:09 Double-Bit Axe
19:05 Horse Collar
27:00 Castle Age
26:27 Bloodlines
29:26 Forging
31:21 Iron Casting
34:46 Wheelbarrow
34:01 Town Watch
34:37 Heavy Plow
40:41 Imperial Age
39:29 Light Cavalry
40:21 Scale Barding Armor
42:13 Conscription
44:29 Pikeman
45:37 Cavalier
51:48 Paladin
53:41 Ballistics
63:09 Murder Holes
Ginobilli
10:17 Feudal Age
11:57 Man-at-Arms
14:03 Double-Bit Axe
21:19 Bloodlines
28:11 Castle Age
28:49 Long Swordsman
30:52 Light Cavalry
34:16 Husbandry
39:29 Wheelbarrow
42:15 Imperial Age
40:15 Gold Mining
41:49 Gold Shaft Mining
45:26 Hand Cart
49:21 Heavy Scorpion
51:00 Hussar
56:59 Elite Battle Elephant
59:05 Conscription
59:38 Double Crossbow
Connection lost

Rejoining the realm…

Still unreachable

The connection could not be restored.

Session expired

The server has moved on; the page needs a fresh start.